 Dungeon Crawl Stone Soup version 0.29-a0-338-g1ff7896281 (webtiles) character file.

Game seed: 10555406041208161558

22762 spaghetti the Transmogrifier (level 12, -4/114 HPs)
             Began as a Deep Dwarf Chaos Knight on Apr 18, 2022.
             Was an Initiate of Ru.
             Slain by a blink frog (11 damage)
             ... on level 3 of the Lair of Beasts.
             The game lasted 00:41:31 (12154 turns).

spaghetti the Transmogrifier (DDCK)                Turns: 12154, Time: 00:41:31

Health: -4/114     AC:  5    Str: 18    XL:     12   Next: 65%
Magic:  13/17      EV: 13    Int: 12    God:    Ru [......]
Gold:   294        SH:  0    Dex: 14    Spells: 8/25 levels left

rFire   . . .      SeeInvis .     - Unarmed
rCold   + . .      Faith    .   (shield currently unavailable)
rNeg    . . .      Spirit   .   b - +2 leather armour
rPois   .          Reflect  .   (helmet restricted)
rElec   .          Harm     .   (no cloak)
rCorr   .          Rampage  .   (gloves currently unavailable)
Will    ++...      Clarity  +   (no boots)
Stlth   +++.......              g - amulet of magic regeneration {@e2}
HPRegen 0.00/turn               H - ring of Shadows {Umbra +Inv Stlth+}
MPRegen 0.55/turn               (no ring)

@: blade hands, wereblooded, wreathed by umbra, studying Shields
A: damage resistance, heal wounds, sense surroundings 2, no regeneration, horns
2, agile 1, clarity, cold resistance 1, strong-willed 1, weak 2
a: Heal Wounds, End Transformation, Renounce Religion, Evoke Invisibility


You were on level 3 of the Lair of Beasts.
You worshipped Ru.
Ru was noncommittal.
You had blades for hands.
You visited 3 branches of the dungeon, and saw 14 of its levels.

You collected 730 gold pieces.
You spent 436 gold pieces at shops.


Innate Abilities, Weirdness & Mutations

You have blades for hands.
Your spellcasting is less reliable in this form.
You are incapable of wielding weapons or throwing items.
You are resistant to damage.
You can heal yourself by infusing magical energy.
You passively map the area around you.
You do not regenerate.
You have a pair of horns on your head.
You are agile. (Dex +2)
You possess an exceptional clarity of mind.
Your flesh is cold resistant. (rC+)
You are strong-willed. (Will+)
You are very weak. (Str -4)


   Skills:
 - Level 9.0 Fighting
 - Level 3.4 Axes
 * Level 5.1 Throwing
 - Level 2.1 Armour
 * Level 4.8 Dodging
 + Level 9.5 Unarmed Combat
 - Level 7.3 Spellcasting
 - Level 10.9 Transmutations
 + Level 6.8 Earth Magic


You had 8 spell levels left.
You knew the following spells:

 Your Spells              Type           Power      Damage    Failure   Level
a - Blade Hands           Tmut           15%        N/A       36%         5
b - Wereblood             Tmut           30%        N/A       10%         2
c - Statue Form           Tmut/Erth      16%        N/A       91%         6
d - Petrify               Tmut/Erth      25%        N/A       32%         4

Your spell library contained the following spells:

 Spells                   Type           Power      Damage    Failure   Level
 Beastly Appendage        Tmut           60%        N/A       9%          1
 Spider Form              Tmut/Pois      17%        N/A       36%         3
 Ignite Poison            Fire/Tmut/Pois 13%        N/A       52%         3
 Animate Skeleton         Necr           8%         N/A       61%         1
 Apportation              Tloc           8%         N/A       61%         1
 Magic Dart               Conj           16%        1d3       61%         1
 Shock                    Conj/Air       16%        1d4       61%         1
 Summon Small Mammal      Summ           16%        N/A       61%         1
 Call Imp                 Summ           4%         N/A       71%         2
 Dazzling Flash           Conj/Hex       8%         N/A       87%         3
 Mephitic Cloud           Conj/Pois/Air  4%         N/A       87%         3
 Swiftness                Air            4%         N/A       87%         3
 Irradiate                Conj/Tmut      8%         3d16      87%         5
 Airstrike                Air            2%         N/A       99%         4
 Iskenderun's Mystic Bla  Conj/Tloc      4%         2d3       99%         4
 Dragon Form              Tmut           15%        N/A       99%         7
 Freezing Cloud           Conj/Ice/Air   2%         6-21      100%        5
 Metabolic Englaciation   Hex/Ice        2%         N/A       100%        5
 Starburst                Conj/Fire      2%         6d3       100%        6

Inventory:

Hand Weapons
 a - a +0 hand axe of chaos {axe}
 C - the +3 trident of the Magi {venom, rCorr Dex+3, polearm}
   (You found it on level 8 of the Dungeon)

   It poisons the flesh of those it strikes.
   Dex:       It affects your dexterity (+3).
   rCorr:     It protects you from acid and corrosion.
 E - the +9 short sword of the Baleful God {holy, rElec Str-3 Int+8 Stlth+, short}
   (You found it on level 9 of the Dungeon)

   It has been blessed by the Shining One to cause great damage to the undead
   and demons.
   Str:       It affects your strength (-3).
   Int:       It affects your intelligence (+8).
   rElec:     It insulates you from electricity.
   Stlth:     It makes you more stealthy.
Missiles
 d - 10 poisoned darts {throwing}
 f - 5 javelins {throwing}
 k - 205 stones (quivered) {throwing}
 l - 6 curare-tipped darts {=fthrowing}
 p - 15 boomerangs {throwing}
 q - 2 boomerangs of dispersal {=f!fthrowing}
 z - 6 throwing nets {=f!fthrowing}
Armour
 b - a +2 leather armour (worn)
 A - a +1 buckler (melded)
   (Xom gifted it to you on level 1 of the Lair of Beasts)
Magical Staves
 n - a staff of poison {!astaff}
   (You found it on level 3 of the Dungeon)
Jewellery
 g - an amulet of magic regeneration (around neck) {@e2}
   (You found it on level 3 of the Dungeon)
 m - a ring of fire
   (You found it on level 2 of the Dungeon)
 u - an amulet of guardian spirit
   (You took it off an orc wizard on level 6 of the Dungeon)
 H - the ring of Shadows (left blade hand) {Umbra +Inv Stlth+}
   (You found it on level 2 of the Lair of Beasts)

   [ring of stealth]

   It surrounds you with an aura of shadow, increasing your stealth and reducing
   the accuracy of all others within it.
   +Inv:      It lets you turn invisible.
   Stlth:     It makes you more stealthy.
Wands
 v - a wand of polymorph (14)
   (You found it on level 5 of the Dungeon)
 x - a wand of acid (6)
   (You found it on level 7 of the Dungeon)
 y - a wand of flame (35)
   (You took it off a kobold brigand on level 7 of the Dungeon)
Scrolls
 e - 2 scrolls of blinking {!r}
 h - 3 scrolls of teleportation {@r4}
 i - 11 scrolls of identify {@r1}
 j - 2 scrolls of enchant weapon
 s - 4 scrolls of vulnerability {!r!r}
 B - a scroll of enchant armour
Potions
 o - 2 potions of mutation {!q}
 r - a potion of magic
 w - 2 potions of haste {@q3}
 F - a potion of lignification {!q}
 G - a potion of flight
Miscellaneous
 c - a piece from Xom's chessboard (15/15)
 D - a tin of tremorstones (2/2) {throwing}
   (You found it on level 10 of the Dungeon)

Dungeon Overview and Level Annotations

Branches:
Dungeon (10/15)            Temple (1/1) D:6            Lair (3/6) D:8
    Orc (0/2) D:9
  Swamp: Lair:2-4    Shoals: Lair:2-4     Snake: Lair:2-4    Spider: Lair:2-4

Altars:
Ashenzari
Cheibriados
Dithmenos
Elyvilon
Fedhas
Gozag
Hepliaklqana
Kikubaaqudgha
Makhleb
Nemelex Xobeh
Okawaru
Qazlal
Ru
Sif Muna
Trog
Uskayaw
Vehumet
Wu Jian
Xom
Zin
The Shining One
Beogh

Shops:
D:5 :   D:6 [   D:9 ?(*(!

Annotations:
D:2 1 runed translucent door, Crazy Yiuf
D:9 exclusion: door
Lair:1 Gastronok
Lair:2 1 runed translucent door, Psyclone's ghost, journeyman OpIE

....##...#.# ,** * * ,
........######
*...#... , , ,
..#.....##.... *
......., *,
..............
,,...... ** ,
...♣.....♣..>.,*
....♣♣, *,
............. ..... *,
.........## ###...# *
....#...## * #..F..# *
....##...#### ##@F..#
,* , *
.#.####...#.###...##.#
* ,
.......#....♣.....# *,
* ......##........#.P#
,,
........###.>.######
,, *** ......P. *#.###
* , * .....P. ...., ,
...P#........ , , , ,
,,, ..........?.. ,, ,
, ,


You could see 2 blink frogs.


Message History

Your mp is fully restored (18).
Casting: Wereblood (safe; 1% risk of failure)
Confirm with . or Enter, or press ? or * to list all spells.
Your hands turn into razor-sharp scythe blades.
Your +1 buckler melds into your body. 😮 MP[-5]
You lost 5 mp, and now have 13/18 mp.
You completely miss the cane toad. The cane toad stings you.
You are poisoned.
The cane toad poisons you! 😮 HP[-3] MP[+1]
You take 3 damage, and now have 58/114 hp.
You hit the cane toad.
Your transformation is almost over.
Your water moccasin bites the cane toad.
The cane toad stings you!
* * * LOW HITPOINT WARNING * * *
You are more poisoned.
The cane toad poisons you! 😨 HP[-11]
You take 11 damage, and now have 47/114 hp.
Unknown command.
Unknown command.
You barely miss the cane toad.
You feel extremely sick.
Your black bear dissolves into shadows!
Your water moccasin bites the cane toad but does no damage.
The cane toad stings you!!
* * * LOW HITPOINT WARNING * * *
Your water moccasin barely misses the cane toad. 😱 HP[-28] MP[+1]
You take 28 damage, and now have 19/114 hp.
MASSIVE DAMAGE!! (PAUSE) Unknown command.
Okay, then.
You fail to use your ability.
* * * LOW HITPOINT WARNING * * *
You feel extremely sick.
Your water moccasin bites the cane toad.
The cane toad stings you.
* * * LOW HITPOINT WARNING * * *
😱 HP[-11]
You take 11 damage, and now have 8/114 hp.
Unknown command.
Your magical essence is drained by the effort!
You feel much better.
You feel very sick.
Your water moccasin barely misses the cane toad.
Your lindwurm barely misses the cane toad. x2
Your lindwurm claws the cane toad but does no damage.
The cane toad stings your lindwurm.
Your lindwurm looks as sick as possible!
The cane toad poisons your lindwurm! 😨 HP[+21] MP[+1]
You regained 21 hp, and now have 29/114 hp.
Unknown command.
Unknown command.
You slash the cane toad! You headbutt the cane toad.
Your water moccasin barely misses the cane toad.
Your lindwurm bites the cane toad.
Your lindwurm claws the cane toad.
Your lindwurm closely misses the cane toad.
The cane toad stings your lindwurm!!
Your water moccasin bites the cane toad.
You shred the cane toad!!!
You feel a bit better.
You kill the cane toad!
Your water moccasin dissolves into shadows! 😨 HP[+3] MP[+1]
You regained 3 hp, and now have 32/114 hp.
Your mp is fully restored (17).
Unknown command.
You start waiting.
Your hands revert to their normal proportions.
Your +1 buckler unmelds from your body.
You howl as the wereblood boils in your veins!
You are no longer poisoned.
A blink frog comes into view.
Unknown command.
Unknown command.
A blink frog comes into view.
You hit the blink frog. Your headbutt misses the blink frog.
Your lindwurm dissolves into shadows!
The blink frog completely misses you. The blink frog hits you!
* * * LOW HITPOINT WARNING * * *
😱 HP[-13]
You take 13 damage, and now have 19/114 hp.
Casting: Blade Hands (dangerous; 9% risk of failure)
Confirm with . or Enter, or press ? or * to list all spells.
Your hands turn into razor-sharp scythe blades.
Your +1 buckler melds into your body.
You howl as the wereblood boils in your veins!
You hear a croak.
The blink frog hits you. 😱 MP[-5]
You lost 5 mp, and now have 12/17 mp.
You fail to use your ability.
You howl as the wereblood boils in your veins!
The blink frog misses you. The blink frog hits you!
* * * LOW HITPOINT WARNING * * *
The blink frog hits you!
You die...

Skill      XL: |  1  2  3  4  5  6  7  8  9 10 11 12 |
---------------+-------------------------------------+-----
Fighting       | 3 4 6 7 8 9 |  9.0
Transmutations | 10 | 10.9
Unarmed Combat | 5 7 9 |  9.5
Spellcasting   | 4 7 |  7.3
Earth Magic    | 5 6 |  6.8
Throwing       | 2 5 |  5.1
Dodging        | 4 |  4.8
Axes           | |  3.4
Armour         | |  2.1

Action                   |  1- 3 |  4- 6 |  7- 9 | 10-12 || total
-------------------------+-------+-------+-------+-------++-------
Melee: Hand axe          |    45 |   153 |   169 |    96 ||   463
       Punch             |       |     3 |     3 |    21 ||    27
       Unarmed           |       |       |    52 |   370 ||   422
       Kick              |       |       |    26 |     6 ||    32
       Headbutt          |       |       |    18 |   115 ||   133
       Trident           |       |       |       |     5 ||     5
Throw: Javelin           |     2 |       |       |       ||     2
       Stone             |       |       |     3 |     5 ||     8
 Cast: Blade Hands       |       |       |    13 |    62 ||    75
       Wereblood         |       |       |    12 |    56 ||    68
       Petrify           |       |       |       |     1 ||     1
 Abil: Heal Wounds       |       |     5 |     2 |    29 ||    36
Evoke: Piece from Xom's  |       |       |       |     3 ||     3
       Wand              |       |       |       |     4 ||     4
  Use: Potion            |       |     6 |     7 |    16 ||    29
       Scroll            |       |       |     6 |    12 ||    18
 Stab: Invisible         |     3 |       |       |       ||     3
       Confused          |       |     1 |       |     2 ||     3
       Sleeping          |       |       |     1 |       ||     1
       Petrified         |       |       |       |     6 ||     6
Armor: Leather armour    |     7 |    43 |   104 |   114 ||   268
Dodge: Dodged            |    27 |    63 |   127 |   261 ||   478
Block: Buckler           |       |       |       |    13 ||    13

Levels and vault maps discovered:
D:1:      saegor_arrival_simple_c, layout_basic
D:2:      layout_loops_cross, ebering_ecumenical_altar_sacrificial,
          minmay_misc_feat_chi, uniq_crazy_yiuf_cottage, uniq_jessica,
          uniq_terence, uniq_sigmund
D:3:      layout_rooms
D:4:      cheibrodos_greedy_goblins, layout_basic,
          mainiacjoe_overflow_small_starburst, item_on_display_a, uniq_duvessa
D:5:      minmay_razor_zed, layout_layer_cave, serial_shops, shop_fountains,
          portal_sewer_entry_a
D:6:      cheibrodos_quashed, layout_basic, minmay_temple_entry_hall,
          serial_aquarium, aquarium_bridge_straight [aquarium_subvault_bridge,
          aquarium_subvault_wall, aquarium_subvault_bridge,
          aquarium_subvault_wall], aquarium_bridge_long_joined
          [aquarium_subvault_bridge, aquarium_subvault_bridge,
          aquarium_subvault_bridge, aquarium_subvault_wall,
          aquarium_subvault_balcony, aquarium_subvault_bridge],
          aquarium_window_1, aquarium_window_1, aquarium_window_corner,
          aquarium_window_fake, aquarium_view_2f, aquarium_balcony_5b,
          aquarium_pool_side, serial_shops, shop, minmay_manual_mares
D:7:      layout_cave_pools
D:8:      layout_basic, grunt_lair_entry_orc_guard_hut
D:9:      layout_stronghold, minmay_orc_entry_temple_small, serial_shops,
          nicolae_shop_behind_doors, nicolae_square_shop, nicolae_shop_trees,
          nicolae_shop_crystal, nicolae_shop_window_shopping, uniq_harold
D:10:     layout_basic, lemuel_mausoleum_altar_yredelemnul
Temple:   mainiacjoe_temple_cubbyholes
Lair:1:   layout_cave_pods, special_room [special_room_bee],
          beast_lair_carwin_4, serial_bayou_shore_a,
          infiniplex_staircase_pool_2, serial_bayou_shore_b,
          lemuel_fruit_fields, grunt_megastairs_1, uniq_gastronok
Lair:2:   layout_gridlike, swamp_mist, ebering_ghost_inner_flame,
          infiniplex_staircase_pool
Lair:3:   layout_chaotic_city, eino_house_with_fridge, grunt_megastairs_5

Notes
Turn   | Place    | Note
-------+----------+-------------------------------------------
     0 | D:1      | spaghetti the Deep Dwarf Chaos Knight began the quest for
                  | the Orb.
     0 | D:1      | Reached XP level 1. HP: 20/20 MP: 1/1
     0 | D:1      | magus.rc [v1.9.6]
    45 | D:1      | You pick up a book of Sloth and begin reading...
    45 | D:1      | You add the spells Petrify, Metabolic Englaciation and
                  | Statue Form to your library.
    55 | D:1      | XOM: potion effect (invisibility)
   119 | D:1      | Reached skill level 3 in Fighting
   124 | D:1      | Reached XP level 2. HP: 25/28 MP: 2/2
   428 | D:2      | XOM: silly message
   434 | D:2      | Noticed Terence
   440 | D:2      | XOM: potion effect (might)
   445 | D:2      | Killed Terence
   446 | D:2      | Reached skill level 4 in Fighting
   446 | D:2      | Reached XP level 3. HP: 22/36 MP: 3/3
   454 | D:2      | Found a faded altar of an unknown god.
   457 | D:2      | Noticed Jessica
   464 | D:2      | Killed Jessica
   465 | D:2      | Reached XP level 4. HP: 27/45 MP: 4/4
   513 | D:2      | XOM: silly message
   661 | D:2      | Found a runed translucent door.
   662 | D:2      | Noticed Crazy Yiuf
   838 | D:2      | Noticed Sigmund
   844 | D:2      | XOM: confuse monster(s)
   848 | D:2      | HP: 9/45 [Sigmund/+0 scythe (6)]
   856 | D:2      | Killed Sigmund
   857 | D:2      | Reached skill level 6 in Fighting
   857 | D:2      | Reached XP level 5. HP: 37/55 MP: 5/5
   902 | D:2      | XOM: cloud trail
  1184 | D:3      | Reached XP level 6. HP: 41/62 MP: 6/6
  1235 | D:3      | Gained mutation: You have hidden genetic potential. [potion
                  | of mutation]
  1235 | D:3      | Gained mutation: Your system is resistant to poisons.
                  | (rPois) [potion of mutation]
  1260 | D:3      | XOM: silly message
  1272 | D:3      | XOM: enchant monster (bad)
  1327 | D:3      | XOM: noise
  1332 | D:3      | HP: 14/63 [something (4)]
  1332 | D:3      | HP: 5/63 [acid (8)]
  1337 | D:3      | XOM: snakes to sticks
  1512 | D:3      | XOM: cleaving
  1592 | D:4      | Found a hazy altar of Hepliaklqana.
  1612 | D:4      | Reached skill level 7 in Fighting
  1635 | D:4      | XOM: confusion (+ monsters)
  1658 | D:4      | HP: 15/66 [something (2)]
  1662 | D:4      | HP: 7/66 [phantom (3)]
  1673 | D:4      | Reached XP level 7. HP: 28/72 MP: 5/5
  1681 | D:4      | Gained mutation: You are partially covered in iridescent
                  | scales. (AC +2) [hidden potential]
  1751 | D:4      | You pick up a book of Transfigurations {@e2} and begin
                  | reading...
  1751 | D:4      | You add the spells Irradiate, Blade Hands and Dragon Form
                  | to your library.
  1817 | D:4      | XOM: silly message
  1895 | D:4      | XOM: 4-stop teleportation journey
  1940 | D:5      | Entered Level 5 of the Dungeon
  1947 | D:5      | Reached skill level 8 in Fighting
  1974 | D:5      | XOM: summons friendly shadow imp
  1993 | D:5      | Found a glowing drain.
  1995 | D:5      | XOM: blink monster(s)
  2157 | D:5      | HP: 17/75 [something (3)]
  2166 | D:5      | XOM: potion effect (experience)
  2166 | D:5      | Reached skill level 10 in Transmutations
  2166 | D:5      | Reached XP level 8. HP: 46/84 MP: 5/5
  2174 | D:5      | Learned a level 5 spell: Blade Hands
  2181 | D:5      | Gained mutation: You passively map the area around you.
                  | [Deep Dwarf growth]
  2181 | D:5      | Reached XP level 9. HP: 50/90 MP: 0/6
  2190 | D:5      | Gained mutation: You are mostly covered in iridescent
                  | scales. (AC +4) [hidden potential]
  2190 | D:5      | Lost mutation: You have hidden genetic potential. [hidden
                  | potential expressed]
  2318 | D:5      | XOM: 3-stop teleportation journey
  2562 | D:5      | Found Ceiw's Book Shop.
  2568 | D:5      | Bought a book of Changes for 198 gold pieces
  2568 | D:5      | You pick up a book of Changes and begin reading...
  2568 | D:5      | You add the spells Beastly Appendage, Wereblood and Spider
                  | Form to your library.
  2571 | D:5      | Learned a level 2 spell: Wereblood
  2714 | D:5      | Reached skill level 9 in Fighting
  2714 | D:5      | Reached skill level 1 in Unarmed Combat
  2858 | D:5      | XOM: give mutation
  2858 | D:5      | Gained mutation: You are weak. (Str -2) [Xom's mischief]
  2966 | D:5      | Reached skill level 2 in Unarmed Combat
  2980 | D:5      | XOM: give mutations
  2980 | D:5      | Gained mutation: Your body sometimes deteriorates upon
                  | taking damage. [Xom's mischief]
  2980 | D:5      | Gained mutation: You have hidden genetic defects. [Xom's
                  | mischief]
  2980 | D:5      | Lost mutation: You have hidden genetic defects. [Xom's
                  | mischief]
  2998 | D:5      | Lost mutation: Your system is resistant to poisons. (rPois)
                  | [potion of mutation]
  2998 | D:5      | Lost mutation: You are mostly covered in iridescent scales.
                  | (AC +4) [potion of mutation]
  2998 | D:5      | Gained mutation: You possess an exceptional clarity of
                  | mind. [potion of mutation]
  2998 | D:5      | Lost mutation: Your body sometimes deteriorates upon taking
                  | damage. [potion of mutation]
  3039 | D:5      | You pick up a book of Minor Magic and begin reading...
  3039 | D:5      | You add the spells Magic Dart, Call Imp and Mephitic Cloud
                  | to your library.
  3062 | D:5      | XOM: god gift: green potion {god gift}
  3366 | D:5      | XOM: give mutations
  3366 | D:5      | Gained mutation: Your spells are a little harder to cast,
                  | but a little more powerful. [Xom's grace]
  3366 | D:5      | Gained mutation: You have a pair of small horns on your
                  | head. [Xom's grace]
  3366 | D:5      | Gained mutation: You have sharp toenails. [Xom's grace]
  3366 | D:5      | Gained mutation: Your flesh is cold resistant. (rC+) [Xom's
                  | grace]
  3505 | D:6      | Reached skill level 3 in Unarmed Combat
  3737 | D:6      | XOM: 2-stop teleportation journey
  4066 | D:6      | XOM: 5-stop teleportation journey
  4148 | D:6      | Reached skill level 4 in Unarmed Combat
  4220 | D:6      | XOM: stat loss: -1 Str (18/19)
  4261 | D:6      | Found a staircase to the Ecumenical Temple.
  4333 | D:7      | XOM: summons 2 hostile shadow creatures
  4343 | D:7      | Reached skill level 5 in Unarmed Combat
  4346 | D:7      | XOM: summons 5 friendly demons
  4353 | D:7      | Reached XP level 10. HP: 31/99 MP: 1/7
  4567 | D:7      | Reached skill level 6 in Unarmed Combat
  4606 | D:7      | XOM: give mutation
  4606 | D:7      | Lost mutation: You are partially covered in iridescent
                  | scales. (AC +2) [Xom's mischief]
  4923 | D:7      | XOM: polymorph kobold -> endoplasm
  4941 | D:7      | XOM: draining
  4961 | D:7      | XOM: silly message
  4984 | D:7      | XOM: silly message
  5002 | D:7      | XOM: silly message
  5065 | D:7      | XOM: give mutations
  5065 | D:7      | Gained mutation: You are dopey. (Int -2) [Xom's mischief]
  5065 | D:7      | Gained mutation: You are very weak. (Str -4) [Xom's
                  | mischief]
  5065 | D:7      | Lost mutation: You have sharp toenails. [Xom's mischief]
  5301 | D:8      | XOM: smoke on damage
  5370 | D:8      | HP: 16/84 [wight/+3 scimitar (9)]
  5538 | D:8      | Reached skill level 7 in Unarmed Combat
  5616 | D:8      | XOM: summons 6 hostile demons
  5738 | D:8      | HP: 12/78 [yak (10)]
  5743 | D:8      | XOM: scenery: create altars
  5751 | D:8      | XOM: confuse monster(s)
  5760 | D:8      | Reached skill level 1 in Spellcasting
  5762 | D:8      | HP: 19/80 [yak (2)]
  5770 | D:8      | HP: 20/83 [yak (11)]
  5781 | D:8      | HP: 15/83 [yak (10)]
  5868 | D:8      | Reached skill level 2 in Spellcasting
  5998 | D:8      | Found a staircase to the Lair.
  5999 | D:8      | XOM: summons friendly white imp
  6012 | D:8      | XOM: scenery: summon butterflies
  6016 | D:8      | XOM: summons 8 friendly demons
  6030 | D:8      | XOM: polymorph butterfly -> howler monkey
  6088 | D:8      | XOM: 4-stop teleportation journey
  6117 | D:8      | You pick up a book of Cantrips and begin reading...
  6117 | D:8      | You add the spells Animate Skeleton, Summon Small Mammal
                  | and Apportation to your library.
  6192 | D:8      | Reached skill level 3 in Spellcasting
  6194 | D:8      | XOM: destruction
  6301 | D:8      | XOM: cleaving
  6777 | Lair:1   | Entered Level 1 of the Lair of Beasts
  6794 | Lair:1   | XOM: fog
  6795 | Lair:1   | Reached skill level 4 in Spellcasting
  6906 | Lair:1   | Noticed an elephant
  6906 | Lair:1   | Noticed an elephant
  6906 | Lair:1   | Noticed an elephant
  6907 | Lair:1   | Noticed an elephant
  6907 | Lair:1   | Noticed an elephant
  6915 | Lair:1   | Killed an elephant
  6916 | Lair:1   | Reached XP level 11. HP: 47/106 MP: 5/13
  6917 | Lair:1   | HP: 23/106 [elephant (14)]
  6924 | Lair:1   | HP: 26/106 [elephant (1)]
  6926 | Lair:1   | Reached skill level 8 in Unarmed Combat
  6926 | Lair:1   | XOM: enchant monster (good)
  6934 | Lair:1   | Reached skill level 5 in Spellcasting
  7032 | Lair:1   | XOM: god gift: buckler {god gift}
  7108 | Lair:1   | XOM: divination: detect items
  7139 | Lair:1   | Reached skill level 1 in Earth Magic
  7140 | Lair:1   | XOM: potion effect (heal wounds)
  7151 | Lair:1   | XOM: smoke on damage
  7152 | Lair:1   | XOM: noise
  7154 | Lair:1   | Reached skill level 2 in Earth Magic
  7359 | Lair:1   | Learned a level 6 spell: Statue Form
  7366 | Lair:1   | XOM: give mutations
  7366 | Lair:1   | Gained mutation: You have a pair of horns on your head.
                  | [Xom's grace]
  7366 | Lair:1   | Gained mutation: You are agile. (Dex +2) [Xom's grace]
  7366 | Lair:1   | Gained mutation: You are strong-willed. (Will+) [Xom's
                  | grace]
  7369 | Lair:1   | HP: 17/106 [wyvern (14)]
  7448 | Lair:1   | Reached skill level 6 in Spellcasting
  7457 | Lair:1   | Reached skill level 3 in Earth Magic
  7465 | Lair:1   | XOM: polymorph killer bee -> iguana
  7478 | Lair:1   | XOM: summons friendly crimson imp
  7658 | Lair:1   | XOM: 4-stop teleportation journey
  7725 | Lair:1   | Noticed Gastronok
  7731 | Lair:1   | Noticed Gastronok
  7731 | Lair:1   | Gastronok changed into Gastronok the titan
  7731 | Lair:1   | XOM: polymorph Gastronok -> Gastronok the titan
  7734 | Lair:1   | XOM: potion effect (curing)
  7892 | D:8      | XOM: scenery: create altars
  7893 | D:8      | XOM: give mutation
  7893 | D:8      | Lost mutation: You are dopey. (Int -2) [Xom's grace]
  7977 | D:8      | Identified the +3 trident of the Magi {venom, rCorr Dex+3}
  8193 | D:8      | XOM: scenery: create altars
  8196 | D:8      | XOM: scenery: create altars
  8427 | D:8      | XOM: god gift: 31 gold pieces
  8485 | D:9      | Reached skill level 4 in Earth Magic
  8524 | D:9      | Noticed Harold
  8532 | D:9      | HP: 25/101 [Harold/+0 trident (13)]
  8534 | D:9      | HP: 7/101 [Harold/+0 trident (18)]
  8540 | D:9      | Noticed Harold
  8540 | D:9      | Harold changed into Harold the wind drake
  8540 | D:9      | XOM: polymorph Harold -> Harold the wind drake
  8544 | D:9      | Killed Harold the wind drake
  8617 | D:9      | XOM: cast spell 'Dispersal'
  8629 | D:9      | XOM: summons friendly iron imp
  8780 | D:9      | Found Xierch's General Store.
  8820 | D:9      | Found Ojouxkyc's Distillery.
  8823 | D:9      | Bought a potion of heal wounds for 80 gold pieces
  8823 | D:9      | Bought a potion of heal wounds for 80 gold pieces
  8866 | D:9      | Identified the +9 short sword of the Baleful God {holy,
                  | rElec Str-3 Int+8 Stlth+}
  8875 | D:9      | Noticed a two-headed ogre
  8875 | D:9      | XOM: summons friendly shadow imp
  8882 | D:9      | Killed a two-headed ogre
  8888 | D:9      | XOM: god gift: 29 gold pieces
  8943 | D:9      | HP: 10/106 [wight/bolt of acid (31)]
  8950 | D:9      | Reached skill level 1 in Throwing
  9011 | D:9      | Found Vophum's Weapon Emporium.
  9166 | D:9      | You pick up a book of Spectacle and begin reading...
  9166 | D:9      | You add the spells Dazzling Flash, Iskenderun's Mystic
                  | Blast and Starburst to your library.
  9200 | D:9      | XOM: scenery: 1 doors close
  9202 | D:9      | XOM: summons 5 friendly demons
  9232 | D:9      | Learned a level 4 spell: Petrify
  9233 | D:9      | XOM: scenery: 1 doors open
  9243 | D:9      | Found Qecais's Antique Weapon Boutique.
  9271 | D:9      | Reached skill level 7 in Spellcasting
  9306 | D:9      | Found a staircase to the Orcish Mines.
  9323 | D:9      | Reached skill level 2 in Throwing
  9386 | D:9      | XOM: divination: magic mapping
  9418 | D:9      | XOM: noise
  9420 | D:9      | You add the spells Ignite Poison and Freezing Cloud to your
                  | library.
  9456 | D:9      | You pick up a book of Air and begin reading...
  9456 | D:9      | You add the spells Shock, Swiftness and Airstrike to your
                  | library.
  9478 | D:9      | Found Meed's Magic Scroll Shop.
  9558 | D:9      | Bought a scroll of identify for 26 gold pieces
  9558 | D:9      | Bought a scroll of identify for 26 gold pieces
  9558 | D:9      | Bought a scroll of identify for 26 gold pieces
  9695 | D:9      | HP: 24/106 [centaur/arrow (8)]
  9835 | D:9      | Reached skill level 9 in Unarmed Combat
  9897 | D:10     | Entered Level 10 of the Dungeon
  9898 | D:10     | XOM: chaos upgrade
  9904 | D:10     | Reached skill level 5 in Earth Magic
  9909 | D:10     | Reached XP level 12. HP: 33/114 MP: 4/18
  9910 | D:10     | HP: 27/114 [howler monkey (2)]
 10026 | D:10     | XOM: give mutation
 10026 | D:10     | Lost mutation: Your spells are a little harder to cast, but
                  | a little more powerful. [Xom's mischief]
 10160 | D:10     | XOM: cloud trail
 10203 | D:10     | Noticed a two-headed ogre
 10203 | D:10     | XOM: fog
 10206 | D:10     | XOM: god gift: scroll of blinking
 10209 | D:10     | Killed a two-headed ogre
 10232 | D:10     | Noticed a two-headed ogre
 10232 | D:10     | XOM: summons 6 friendly demons
 10242 | D:10     | Killed a two-headed ogre
 10243 | D:10     | Reached skill level 3 in Throwing
 10494 | D:10     | HP: 27/114 [centaur warrior zombie (4)]
 10505 | D:10     | HP: 21/114 [centaur warrior zombie (8)]
 10511 | D:10     | Reached skill level 2 in Dodging
 10512 | D:10     | HP: 28/114 [human zombie (1)]
 10593 | Temple   | Entered the Ecumenical Temple
 10646 | Temple   | XOM: scenery: 2 doors open, 1 doors close
 10869 | Temple   | XOM: silly message
 10924 | Temple   | Fell from the grace of Xom
 10924 | Temple   | Became a worshipper of Ru the Awakened
 11308 | D:6      | XOM: 3-stop teleportation journey
 11342 | D:6      | Found Luogg's Armour Boutique.
 11643 | Lair:2   | Reached skill level 3 in Dodging
 11643 | Lair:2   | Reached skill level 6 in Earth Magic
 11660 | Lair:2   | Reached skill level 4 in Throwing
 11675 | Lair:2   | Found a runed translucent door.
 11676 | Lair:2   | Noticed an eight-headed hydra
 11703 | Lair:2   | Killed an eight-headed hydra
 11868 | Lair:2   | Noticed Psyclone's ghost (journeyman OpIE)
 11944 | Lair:2   | Found the ring of Shadows {Umbra +Inv Stlth+}
 11980 | Lair:2   | Reached skill level 4 in Dodging
 11981 | Lair:2   | Noticed a seven-headed hydra
 12057 | Lair:3   | HP: 21/114 [yak (10)]
 12063 | Lair:3   | HP: 18/114 [yak (12)]
 12065 | Lair:3   | HP: 2/114 [cane toad (18)]
 12070 | Lair:3   | HP: 19/114 [hornet (9)]
 12075 | Lair:3   | HP: 16/114 [hornet (9)]
 12093 | Lair:3   | Noticed a four-headed hydra
 12107 | Lair:3   | HP: 21/114 [four-headed hydra (15)]
 12107 | Lair:3   | HP: 1/114 [four-headed hydra (10)]
 12111 | Lair:3   | Killed a four-headed hydra
 12112 | Lair:3   | Reached skill level 5 in Throwing
 12133 | Lair:3   | HP: 19/114 [cane toad (19)]
 12134 | Lair:3   | HP: 8/114 [cane toad (4)]
 12152 | Lair:3   | HP: 19/114 [blink frog (13)]
 12154 | Lair:3   | HP: 7/114 [blink frog (12)]
 12154 | Lair:3   | Slain by a blink frog

Vanquished Creatures
  A two-headed ogre (D:10)
  2 black mambas (Lair:2)
  5 elephants (Lair:1)
  3 cane toads
  A kobold demonologist (D:10)
  A komodo dragon (Lair:1)
  A queen bee (Lair:1)
  2 hornets
  A wind drake (D:9)
  Sigmund (D:2)
  3 wyverns
  A wraith (D:8)
  2 basilisks
  36 yaks
  2 water moccasins
  7 black bears
  2 sky beasts (D:5)
  4 orc warriors
  10 wolves
  7 centaurs
  4 phantoms
  2 kobold brigands
  12 bullfrogs
  4 necrophages
  2 scorpions
  14 wights
  24 killer bees (Lair:1)
  9 howler monkeys
  4 centaur zombies (D:10)
  2 hounds
  4 jellies
  A human zombie (D:10)
  7 orc priests
  Jessica (D:2)
  5 iguanas
  Terence (D:2)
  9 orc wizards
  A mummy (D:10)
  9 adders
  A river rat (D:5)
  4 white imps
  4 worms
  3 dart slugs
  40 orcs
  7 ball pythons
  7 endoplasms
  A giant cockroach (D:3)
  9 goblins
  12 hobgoblins
  10 kobolds
  2 quokkas
  3 bats
  5 frilled lizards
  7 rats
322 creatures vanquished.

Vanquished Creatures (collateral kills)
  2 hydras
  2 two-headed ogres
4 creatures vanquished.

Vanquished Creatures (others)
  45 fungi
  24 plants
69 creatures vanquished.

Grand Total: 395 creatures vanquished

Table legend:
 A = Non-vault XP
 B = Vault XP
 C = Vault XP percentage of total XP
 D = Non-vault monster count
 E = Vault monster count
 F = Vault count percentage of total count
                 A         B        C        D         E       F
            +---------+---------+-------+---------+---------+-------
      Total |   24073 |    7102 |  22.8 |     230 |      96 |  29.4
            +---------+---------+-------+---------+---------+-------
        D:1 |      30 |       0 |   0.0 |      16 |       0 |   0.0
        D:2 |      49 |     299 |  85.9 |      15 |       3 |  16.7
        D:3 |     248 |       0 |   0.0 |      24 |       0 |   0.0
        D:4 |     288 |      18 |   5.9 |      17 |       9 |  34.6
        D:5 |     602 |     710 |  54.1 |      15 |      19 |  55.9
        D:6 |     847 |     218 |  20.5 |      16 |       2 |  11.1
        D:7 |    1795 |       0 |   0.0 |      21 |       0 |   0.0
        D:8 |    3659 |     521 |  12.5 |      36 |       4 |  10.0
        D:9 |    3326 |     545 |  14.1 |      21 |      12 |  36.4
       D:10 |    2443 |    1239 |  33.7 |      11 |       8 |  42.1
     Lair:1 |    4420 |    3250 |  42.4 |      15 |      38 |  71.7
     Lair:2 |    3751 |       0 |   0.0 |      15 |       0 |   0.0
     Lair:3 |    2615 |     302 |  10.4 |       8 |       1 |  11.1
            +---------+---------+-------+---------+---------+-------

Illustrated notes

Table legend:
 A = Kills in this place as a percentage of kills in entire the game.
 B = Kills by you in this place as a percentage of kills by you in the entire game.
 C = Kills by friends in this place as a percentage of kills by friends in the entire game.
 D = Other kills in this place as a percentage of other kills in the entire game.
 E = Experience gained in this place as a percentage of experience gained in the entire game.
 F = Experience gained in this place divided by the number of levels of this place that you have seen.
                   A       B       C       D       E      F
               +-------+-------+-------+-------+-------+----------------------
         Total | 100.0 | 100.0 | 100.0 | 100.0 | 100.0 | 2226.8
       Dungeon |  76.4 |  76.6 |  50.0 | 100.0 |  54.0 | 1683.7
          Lair |  23.6 |  23.4 |  50.0 |   0.0 |  46.0 | 4779.3
               +-------+-------+-------+-------+-------+----------------------

Table legend: (Time is in decaauts)
 A = Elapsed time spent in this place.
 B = Non-inter-level travel time spent in this place.
 C = Inter-level travel time spent in this place.
 D = Time resting spent in this place.
 E = Time spent auto-exploring this place.
 F = Levels seen in this place.
 G = Mean time per level.
                   A        B        C        D        E       F      G
               +--------+--------+--------+--------+--------+-----+--------+
         Total |  12151 |  11721 |    430 |   1220 |   8294 |  14 |  867.9 |
       Dungeon |   9875 |   9600 |    275 |    812 |   7053 |  10 |  987.5 |
        Temple |    676 |    617 |     59 |    300 |    308 |   1 |  676.0 |
          Lair |   1599 |   1503 |     96 |    108 |    933 |   3 |  533.0 |
               +--------+--------+--------+--------+--------+-----+--------+

Top non-repeatable levels by time:
     D:8: 2205 daAuts
     D:5: 1548 daAuts
     D:9: 1427 daAuts
     D:6: 1105 daAuts
  Lair:1: 1038 daAuts
     D:7: 995 daAuts
     D:2: 762 daAuts
  Temple: 676 daAuts
    D:10: 619 daAuts
     D:1: 425 daAuts
     D:3: 422 daAuts
  Lair:2: 406 daAuts
     D:4: 363 daAuts
  Lair:3: 154 daAuts
